 Dungeon Crawl Stone Soup version 0.30.1 (webtiles) character file.

Game seed: 10206454407919765672

833 Arctor the Changer (level 7, 0/45 HPs)
             Began as an Octopode Transmuter on July 9, 2023.
             Slain by an iguana (11 damage)
             ... on level 6 of the Dungeon.
             The game lasted 00:08:31 (4537 turns).

Arctor the Changer (Octopode Transmuter)            Turns: 4537, Time: 00:08:32

Health: 0/45       AC:  1    Str: 15    XL:     7   Next: 98%
Magic:  12/12      EV: 15    Int: 29    God:
Gold:   334        SH:  5    Dex: 22    Spells: 8/13 levels left

rFire   + . .        D - +0 broad axe of the Pits of Slime {venom, Int+6}
rCold   . . .        (no shield)
rNeg    . . .        (helmet currently unavailable)
rPois   .            J - amulet of reflection
rElec   +            k - +6 ring of dexterity
rCorr   .            i - ring of see invisible
SInv    +            d - ring "Ceesoesa" {rF+ Dex+3}
Will    .....        p - +6 ring of strength
Stlth   +++          f - ring of Tanwumug {rElec Int+6}
HPRegen 0.27/turn    (no ring)
MPRegen 0.13/turn    (no ring)
                     (no ring)

%: reflection
@: lethally poisoned (0 -> -1), appendages
A: tentacle spike 3, almost no armour, amphibious, 8 rings, camouflage 1,
gelatinous body 1, (nimble swimmer 1), tentacles
a: End Transformation


You were on level 6 of the Dungeon.
One of your tentacles had grown a beastly spike.
You visited 2 branches of the dungeon, and saw 7 of its levels.
You also visited: Sewer.

You collected 334 gold pieces.

Inventory:

Hand Weapons
 D - the +0 broad axe of the Pits of Slime (weapon) {venom, Int+6}
   (You found it on level 4 of the Dungeon)

   Int:       It affects your intelligence (+6).
Missiles
 n - 7 boomerangs
Magical Staves
 z - a staff of air
Jewellery
 d - the ring "Ceesoesa" (on tentacle) {rF+ Dex+3}
   (You acquired it on level 2 of the Dungeon)

   [ring of protection from fire]

   Dex:       It affects your dexterity (+3).
   rF:        It protects you from fire.
 f - the ring of Tanwumug (on tentacle) {rElec Int+6}
   (You found it on level 3 of the Dungeon)

   [ring of intelligence]

   Int:       It affects your intelligence (+6).
   rElec:     It insulates you from electricity.
 h - a ring of fire
 i - a ring of see invisible (right tentacle)
 k - a +6 ring of dexterity (left tentacle)
 p - a +6 ring of strength (on tentacle)
 B - an amulet of guardian spirit
 J - an amulet of reflection (around mantle)
Wands
 G - a wand of paralysis (5)
Scrolls
 b - a scroll of fog
 q - 6 scrolls of teleportation
 r - 2 scrolls of brand weapon {unknown}
 s - a scroll of blinking {unknown}
 u - a scroll of torment {unknown}
 v - a scroll of enchant armour {unknown}
 y - a scroll of magic mapping
 A - a scroll of vulnerability {unknown}
 C - a scroll of poison {unknown}
 F - a scroll of silence {unknown}
 H - a scroll of noise {unknown}
 I - a scroll of immolation {unknown}
 K - a scroll of enchant weapon {unknown}
Potions
 a - a potion of lignification
 c - 3 potions of heal wounds
 e - 2 potions of might
 g - a potion of berserk rage
 j - a potion of curing
 l - a potion of haste
 m - a potion of magic
 o - 2 potions of invisibility
 t - 2 potions of resistance {unknown}
 w - a potion of brilliance {unknown}
 x - a potion of ambrosia {unknown}
 E - a potion of attraction {unknown}


   Skills:
 - Level 2.0 Fighting
 + Level 1.2 Axes
 + Level 3.9 Dodging
 + Level 4.4 Unarmed Combat
 + Level 3.5 Spellcasting
 * Level 4.7 Transmutations
 * Level 3.6 Ice Magic


You had 8 spell levels left.
You knew the following spells:

 Your Spells              Type           Power      Damage    Failure   Level
a - Beastly Appendage     Tmut           64%        N/A       1%          1
b - Ice Form              Ice/Tmut       29%        N/A       13%         4

Your spell library contained the following spells:

 Spells                   Type           Power      Damage    Failure   Level
 Wereblood                Tmut           32%        N/A       1%          2
 Spider Form              Tmut/Pois      18%        N/A       9%          3


Dungeon Overview and Level Annotations

Branches:
Dungeon (6/15)             Temple (1/1) D:4           Sewer (visited)

Altars:
Dithmenos
Elyvilon
Fedhas
Kikubaaqudgha
Nemelex Xobeh
Ru
Trog
Wu Jian
Yredelemnul
Zin

Shops:
D:2 *


Innate Abilities, Weirdness & Mutations

One of your tentacles has grown a beastly spike.
You cannot wear most types of armour.
You are amphibious.
You can wear up to eight rings at the same time.
Your skin changes colour to match your surroundings (Stealth+).
Your rubbery body absorbs attacks. (AC +1, EV +1)
((You are camouflaged when in or above water. (Stealth+)))
You have tentacles for arms and can constrict up to eight enemies at once.


Message History

You tentacle-slap the water moccasin, but do no damage.
The water moccasin is moderately wounded.
You block the water moccasin's attack.
The iguana hisses menacingly.
You block the adder's attack. The water moccasin bites you!
You are poisoned.
The water moccasin poisons you!
You feel better. The adder bites you.
You are poisoned.
The adder poisons you! You block the water moccasin's attack.
You hit the water moccasin.
The water moccasin is poisoned.
You grab the water moccasin.
The water moccasin is heavily wounded.
You closely miss the adder. You constrict the water moccasin.
You feel sick. The water moccasin closely misses you. The adder bites you.
You are more poisoned.
The adder poisons you! The water moccasin barely misses you.
The adder closely misses you.
You hit the water moccasin.
You pierce the water moccasin, but do no damage.
You squeeze the water moccasin, but do no damage.
The water moccasin is severely wounded.
You hit the adder.
The adder is poisoned.
You hit the iguana. You constrict the water moccasin.
You feel sick. The water moccasin bites you! The adder closely misses you.
The water moccasin closely misses you. The adder barely misses you.
The iguana closely misses you.
The water moccasin completely misses you.
You release your grip on the water moccasin.
The water moccasin attacks as you move away!
The water moccasin bites you!
* * * LOW HITPOINT WARNING * * *
The iguana attacks as you move away! The iguana misses you.
You feel sick.
You kill the adder!
You miss the water moccasin. You grab the water moccasin.
You pierce the water moccasin.
The water moccasin is severely wounded.
You hit the iguana. You constrict the water moccasin.
You feel sick.
You kill the water moccasin!
The iguana bites you!
You die...

.#. ## #....... ..#
#.......####..#
#........#....
............# #
......##....#### ..
...........#..## ...
#...@#......######.>#
##..l##........#.....#
.#........#[...........
.......$....#...........#
............#.........###
##......(........)#..##..
..................#......
###........#......##.....
##....####......#....>#


You could see an iguana.

Vanquished Creatures
  2 water moccasins
  An ogre (D:4)
  2 kobold brigands (Sewer)
  A scorpion (D:5)
  A howler monkey (D:5)
  Crazy Yiuf (D:2)
  An orc priest (D:4)
  2 hounds (D:6)
  An iguana (D:6)
  An orc wizard (D:4)
  10 adders
  A gnoll (D:6)
  2 shadow imps (D:6)
  An ufetubus (D:6)
  2 worms (D:2)
  4 dart slugs
  9 orcs
  5 endoplasms
  5 giant cockroaches
  5 hobgoblins
  6 quokkas
  10 ball pythons
  7 bats
  4 frilled lizards
  8 goblins
  16 kobolds
  7 rats
115 creatures vanquished.

Notes
Turn   | Place    | Note
-------+----------+-------------------------------------------
     0 | D:1      | Arctor the Octopode Transmuter began the quest for the Orb.
     0 | D:1      | Reached XP level 1. HP: 13/13 MP: 3/3
   682 | D:1      | Reached XP level 2. HP: 8/18 MP: 3/5
  1195 | D:2      | Reached XP level 3. HP: 4/23 MP: 6/6
  1346 | D:2      | Identified a scroll of acquirement
  1347 | D:2      | Acquired the ring "Ceesoesa" {rF+ Dex+3}
  1423 | D:2      | Found Jobaf's General Store.
  1574 | D:2      | Found an ancient bone altar of Kikubaaqudgha.
  1804 | D:2      | Reached XP level 4. HP: 29/29 MP: 5/7
  1839 | D:2      | Found a runed translucent door.
  1840 | D:2      | Noticed Crazy Yiuf
  1991 | D:2      | Killed Crazy Yiuf
  2186 | D:3      | Learned a level 4 spell: Ice Form
  2247 | D:3      | Identified the ring of Tanwumug {rElec Int+6}
  2260 | D:3      | Found a faded altar of an unknown god.
  2340 | D:3      | Found a glowing drain.
  2351 | D:3      | Reached XP level 5. HP: 31/34 MP: 6/8
  2370 | Sewer    | Entered a sewer
  2694 | Sewer    | Noticed a kobold brigand
  2705 | Sewer    | Killed a kobold brigand
  2706 | Sewer    | Reached skill level 1 in Ice Magic
  2792 | Sewer    | Noticed a kobold brigand
  2802 | Sewer    | Killed a kobold brigand
  2803 | Sewer    | Reached XP level 6. HP: 28/39 MP: 10/10
  2948 | D:3      | Noticed a water moccasin
  2956 | D:3      | Killed a water moccasin
  3033 | D:3      | Found a blossoming altar of Fedhas.
  3454 | D:4      | Reached XP level 7. HP: 35/45 MP: 9/11
  3465 | D:4      | Identified the +0 broad axe of the Pits of Slime {venom,
                  | Int+6}
  3570 | D:4      | Found a staircase to the Ecumenical Temple.
  3593 | Temple   | Entered the Ecumenical Temple
  4040 | D:5      | Entered Level 5 of the Dungeon
  4043 | D:5      | Noticed a kobold demonologist
  4046 | D:5      | Noticed a rust devil
  4061 | D:5      | Noticed a sixfirhy
  4390 | D:6      | Reached skill level 1 in Axes
  4537 | D:6      | Slain by an iguana

Illustrated notes

Levels and vault maps discovered:
D:1:      matt_arrival_los_fun, layout_loops_corners
D:2:      layout_basic, serial_shops, nicolae_shop_statue_plus, basic_altar,
          minmay_tromino_v7, uniq_crazy_yiuf_cottage
D:3:      layout_loops_ring, lemuel_tele_altar, portal_sewer_entry_f,
          basic_ecumenical_altar, kennysheep_generic_room_6
D:4:      layout_rooms, minmay_temple_entry_overgrown
D:5:      layout_rooms, nicolae_titane, uniq_duvessa
D:6:      layout_cave_pools
Temple:   hellmonk_temple_micro_hex

Skill      XL: |  1  2  3  4  5  6  7 |
---------------+----------------------+-----
Fighting       | 2 |  2.0
Dodging        | 3 |  3.9
Transmutations | 3 4 |  4.7
Ice Magic      | 1 2 3 |  3.6
Spellcasting   | 3 |  3.5
Unarmed Combat | 4 |  4.4
Axes           | 1 |  1.2

Action                     |  1- 3 |  4- 6 |  7- 9 || total
---------------------------+-------+-------+-------++-------
  Melee: Unarmed           |    70 |    99 |    12 ||   181
         Constrict         |    21 |    35 |    21 ||    77
         Kick              |    18 |    29 |    15 ||    62
         Tentacles         |    11 |    20 |    12 ||    43
         Punch             |     3 |       |     2 ||     5
         Broad axe         |       |       |    48 ||    48
   Cast: Beastly Appendage |    30 |    29 |    11 ||    70
         Ice Form          |       |       |     1 ||     1
    Use: Scroll            |     3 |     9 |     1 ||    13
         Potion            |       |       |     1 ||     1
   Stab: Sleeping          |     5 |     8 |     5 ||    18
 Armour: Skin              |     6 |     7 |     5 ||    18
  Dodge: Dodged            |    34 |    72 |    54 ||   160
  Block: Other             |       |       |     5 ||     5
